 Dungeon Crawl Stone Soup version 0.28-a0-384-g9e0c098162 (webtiles) character file.

Game seed: 8006007669840133664

1172 lunkers the Grappler (level 8, -1/73 HPs)
             Began as a Minotaur Cinder Acolyte on Sept 2, 2021.
             Was a High Priest of Ignis.
             Slain by a gnoll (2 damage)
             ... on level 5 of the Dungeon.
             The game lasted 00:10:18 (6289 turns).

lunkers the Grappler (Minotaur Cinder Acolyte)      Turns: 6289, Time: 00:10:19

Health: -1/73      AC:  9    Str: 20    XL:     8   Next: 18%
Magic:  8/8        EV:  5    Int: 11    God:    Ignis [*****.]
Gold:   195        SH:  4    Dex:  7    Spells: 9/9 levels left

rFire   + . .      SeeInvis .     - Unarmed
rCold   . . .      Faith    .   j - +0 buckler
rNeg    . . .      Spirit   .   p - +0 plate armour
rPois   .          Reflect  .   (helmet restricted)
rElec   .          Harm     .   h - +0 cloak
rCorr   .          Rampage  .   r - +0 pair of gloves
Will    .....                   (no boots)
Stlth   ..........              (no amulet)
HPRegen 0.22/turn               (no ring)
MPRegen 0.11/turn               (no ring)

@: corroded
A: horns 2, retaliatory headbutt
a: Renounce Religion, Sea of Fire, Foxfire Swarm, Rising Flame


You were on level 5 of the Dungeon.
You worshipped Ignis.
Ignis was extremely pleased with you.
You visited 1 branch of the dungeon, and saw 5 of its levels.

You collected 195 gold pieces.

Inventory:

Armour
 h - a +0 cloak (worn)
 j - a +0 buckler (worn)
 l - a +0 tower shield
 p - a +0 plate armour (worn)
 r - a +0 pair of gloves (worn)
Jewellery
 c - a +4 ring of protection
Wands
 u - a wand of charming (8)
Scrolls
 a - 2 scrolls of teleportation {unknown}
 d - a scroll of noise {unknown}
 f - 2 scrolls of amnesia {unknown}
 k - 2 scrolls of immolation {unknown}
 n - 2 scrolls of identify {unknown}
 o - a scroll of silence {unknown}
 s - a scroll of torment {unknown}
Potions
 b - a potion of cancellation {unknown}
 e - 4 potions of attraction {unknown}
 g - a potion of ambrosia {unknown}
 i - 2 potions of degeneration {unknown}
 m - a potion of curing {unknown}
 q - a potion of magic {unknown}
 t - a potion of heal wounds {unknown}


   Skills:
 + Level 7.0 Fighting
 + Level 2.1 Armour
 + Level 3.9 Shields
 * Level 8.6 Unarmed Combat
 - Level 1.0 Spellcasting
 - Level 2.1 Fire Magic


You had 9 spell levels left.
You didn't know any spells.
Your spell library contained the following spells:

 Spells                   Type           Power      Damage    Failure   Level
 Scorch                   Fire           10%        2d6       100%        2
 Ozocubu's Armour         Ice            0%         N/A       100%        3
 Olgreb's Toxic Radiance  Pois           0%         N/A       100%        4
 Metabolic Englaciation   Hex/Ice        0%         N/A       100%        5
 Simulacrum               Ice/Necr       0%         N/A       100%        6
 Ozocubu's Refrigeration  Ice            0%         4d5       100%        7
 Ignition                 Fire           2%         3d3       100%        8


Dungeon Overview and Level Annotations

Branches:
Dungeon (5/15)
 Temple: D:4-7

Altars:
Qazlal
Zin

Shops:
D:5 :


Innate Abilities, Weirdness & Mutations

You have a pair of horns on your head.
You reflexively headbutt those who attack you in melee.


Message History

A black bear comes into view.
The gnoll hits Ijyb with a +0 whip.
The gnoll hits you but does no damage. The gnoll shaman barely misses you.
You furiously retaliate!
You headbutt the gnoll shaman, but do no damage.
The gnoll hits you from afar with a +0 spear.
* * * LOW HITPOINT WARNING * * *
You hit the gnoll shaman but do no damage.
The gnoll shaman is heavily wounded.
You feel sick.
You are no longer poisoned.
Ijyb hits the gnoll shaman with a +0 club.
The gnoll hits Ijyb with a +0 whip!
The gnoll shaman hits Ijyb with a +0 whip.
Ijyb dies!
The gnoll barely misses you.
The gnoll shaman shouts!
You hit the gnoll shaman but do no damage.
The gnoll shaman is severely wounded.
The gnoll barely misses you. The gnoll closely misses you.
The gnoll shaman hits you with a +0 whip!
* * * LOW HITPOINT WARNING * * *
The gnoll shaman hits you with a +0 whip.
* * * LOW HITPOINT WARNING * * *
A yak comes into view.
The yak bellows!
The black bear bites you.
* * * LOW HITPOINT WARNING * * *
The black bear barely misses you. The black bear claws you.
* * * LOW HITPOINT WARNING * * *
Found a robe.
Found an escape hatch in the floor.
The black bear bites you but does no damage.
The black bear barely misses you. The black bear completely misses you.
The gnoll hits you from afar with a +0 spear.
* * * LOW HITPOINT WARNING * * *
Found 15 gold pieces.
The gnoll shaman prays to its god.
The gnoll shaman is healed somewhat.
The gnoll hits you from afar with a +0 spear.
You die...

######### ....$...+
.......## .....>.#
#...<.## .......#
#....... ......#
#....... ......#
#.......
##.####.....#####.......
........................
#@#############.##
#hYg.......##.....
#..g)......#....#.
#'#.#g.g.......#..###.
..............).#..#
.....#..........'..###.
.....#......$...#......
.... #.################
.... #.#


You could see a yak, a black bear, a gnoll shaman and 3 gnolls.

Vanquished Creatures
  A black bear (D:5)
  2 ogres (D:5)
  A scorpion (D:4)
  A water moccasin skeleton (D:5)
  5 wights
  A hound (D:4)
  2 orc priests (D:3)
  A bullfrog skeleton (D:5)
  A gnoll shaman (D:3)
  A jelly (D:4)
  Natasha (thrice) (D:3)
  2 iguanas (D:3)
  3 orc wizards
  6 gnolls
  5 adders
  2 ufetubi
  4 worms
  A dart slug (D:5)
  12 orcs
  7 endoplasms
  5 giant cockroaches
  9 hobgoblins
  5 kobolds
  5 quokkas
  6 ball pythons
  2 bats (D:1)
  A frilled lizard (D:2)
  5 goblins
  4 rats
103 creatures vanquished.

Vanquished Creatures (others)
  Ijyb (D:5)
1 creature vanquished.

Grand Total: 104 creatures vanquished

Notes
Turn   | Place    | Note
-------+----------+-------------------------------------------
     0 | D:1      | lunkers the Minotaur Cinder Acolyte began the quest for the
                  | Orb.
     0 | D:1      | Reached XP level 1. HP: 19/19 MP: 1/1
   369 | D:1      | Reached XP level 2. HP: 22/27 MP: 2/2
   494 | D:1      | Reached skill level 4 in Unarmed Combat
  1086 | D:2      | Reached XP level 3. HP: 23/33 MP: 3/3
  1722 | D:2      | Reached XP level 4. HP: 38/41 MP: 4/4
  2099 | D:3      | Reached skill level 5 in Unarmed Combat
  2412 | D:3      | Reached XP level 5. HP: 25/47 MP: 5/5
  2418 | D:3      | Reached skill level 5 in Fighting
  2906 | D:3      | Noticed Natasha
  2913 | D:3      | Killed Natasha
  2914 | D:3      | Reached skill level 6 in Unarmed Combat
  3091 | D:3      | Noticed Natasha
  3093 | D:3      | Killed Natasha
  3095 | D:3      | Noticed Natasha
  3101 | D:3      | Killed Natasha
  3232 | D:3      | Found a faded altar of an unknown god.
  3243 | D:3      | Reached XP level 6. HP: 52/56 MP: 6/6
  3569 | D:3      | Reached skill level 1 in Shields
  3969 | D:4      | Reached skill level 7 in Unarmed Combat
  4303 | D:3      | Reached XP level 7. HP: 10/57 MP: 7/7
  5278 | D:4      | Reached skill level 8 in Unarmed Combat
  5691 | D:5      | Entered Level 5 of the Dungeon
  5692 | D:5      | Found Idaehesu's Book Shoppe.
  5713 | D:5      | Reached skill level 1 in Armour
  5735 | D:5      | Identified the +1 ring mail of Seqif {+Blink Fly}
  5884 | D:5      | Found a stormy altar of Qazlal.
  6011 | D:5      | Reached XP level 8. HP: 66/71 MP: 8/8
  6119 | D:5      | Noticed an angel
  6120 | D:5      | Found a glowing silver altar of Zin.
  6268 | D:5      | Noticed Ijyb
  6279 | D:5      | Your ally died
  6288 | D:5      | HP: 1/73 [gnoll (5)]
  6289 | D:5      | Slain by a gnoll

Illustrated notes

Levels and vault maps discovered:
D:1:      dpeg_arrival_renting, layout_basic
D:2:      layout_basic, serial_forest, infiniplex_forest_straight_3,
          infiniplex_forest_straight_1, infiniplex_forest_clump_double,
          infiniplex_forest_straight_4, infiniplex_forest_clump_curved,
          infiniplex_forest_corner_1, infiniplex_forest_fountain,
          infiniplex_forest_straight_3, infiniplex_forest_clump_tiny,
          minmay_worlds_worst_comb
D:3:      layout_loops_ring, chequers_ecumenical_altar_twisty,
          mrwooster_statue_mirror, kennysheep_generic_room_13, uniq_natasha
D:4:      layout_cave_pools
D:5:      layout_basic, zin_angel, nicolae_qazlal_scattered_showers,
          serial_shops, nicolae_shop_temple_entry_statues_fountains, uniq_ijyb

Skill      XL: |  1  2  3  4  5  6  7  8 |
---------------+-------------------------+-----
Fighting       | 4 5 6 7 |  7.0
Unarmed Combat | 4 5 6 7 8 |  8.6
Shields        | 1 3 |  3.9
Armour         | 1 2 |  2.1
Spellcasting   | |  1.0
Fire Magic     | |  2.1

Action                   |  1- 3 |  4- 6 |  7- 9 || total
-------------------------+-------+-------+-------++-------
Melee: Unarmed           |    98 |   172 |   115 ||   385
       Headbutt          |     9 |    31 |    20 ||    60
Evoke: Wand              |       |       |     1 ||     1
Armor: Ring mail         |    35 |    35 |       ||    70
       Robe              |     1 |       |       ||     1
       Plate armour      |       |     4 |    78 ||    82
Dodge: Dodged            |    56 |    74 |    25 ||   155
Block: Buckler           |     2 |    19 |    11 ||    32

Table legend: (Time is in decaauts)
 A = Elapsed time spent in this place.
 B = Non-inter-level travel time spent in this place.
 C = Inter-level travel time spent in this place.
 D = Time resting spent in this place.
 E = Time spent auto-exploring this place.
 F = Levels seen in this place.
 G = Mean time per level.
                   A        B        C        D        E       F      G
               +--------+--------+--------+--------+--------+-----+--------+
         Total |   6268 |   6142 |    126 |   1745 |   3501 |   5 | 1253.6 |
       Dungeon |   6268 |   6142 |    126 |   1745 |   3501 |   5 | 1253.6 |
               +--------+--------+--------+--------+--------+-----+--------+

Top non-repeatable levels by time:
     D:3: 2501 daAuts
     D:4: 1149 daAuts
     D:1: 1051 daAuts
     D:2: 973 daAuts
     D:5: 591 daAuts
